 Dungeon Crawl Stone Soup version 0.22-a0-40-g3d2f077 (webtiles) character file.

172 mopl the Poker (level 5, -3/38 HPs)
             Began as a Merfolk Warper on Jan 4, 2018.
             Slain by a centaur (7 damage)
             ... on level 4 of the Dungeon.
             The game lasted 00:03:59 (3007 turns).

mopl the Poker (Merfolk Warper)                     Turns: 3007, Time: 00:04:00

Health: -3/38      AC:  4    Str: 11    XL:     5   Next: 53%
Magic:  8/9        EV: 12    Int: 13    God:
Gold:   122        SH:  0    Dex: 14    Spells: 2/9 levels left

rFire    . . .     SeeInvis .   a - +0 spear
rCold    . . .     Gourm    .   (no shield)
rNeg     . . .     Faith    .   b - +0 leather armour
rPois    .         Spirit   .   (no helmet)
rElec    .         Reflect  .   (no cloak)
rCorr    .         Harm     .   (no gloves)
MR       .....     Rnd*Tele +   p - +0 pair of boots
Stlth    +.........             (no amulet)
HPRegen  0.12/turn              h - ring of teleportation (curse)
MPRegen  0.11/turn              (no ring)

@: lethally poisoned (-3 -> -6)
A: change form in water, swift swim, stealthy swim
a: no special abilities


You were on level 4 of the Dungeon.
You were hungry.

You visited 1 branch of the dungeon, and saw 4 of its levels.

You collected 122 gold pieces.

Inventory:

Hand Weapons
 a - a +0 spear (weapon)
Missiles
 e - 5 tomahawks of dispersal
 l - 7 tomahawks (quivered)
 x - 14 poisoned needles
Armour
 b - a +0 leather armour (worn)
 p - a +0 pair of boots (worn)
Jewellery
 h - a cursed ring of teleportation (left hand)
Wands
 v - a wand of scattershot (4)
Scrolls
 d - 2 scrolls of blinking
 g - 2 scrolls of remove curse {unknown}
 i - 2 scrolls of teleportation
 j - a scroll of random uselessness {unknown}
 n - 2 scrolls of fog {unknown}
 t - a scroll of magic mapping {unknown}
 u - a scroll of identify {unknown}
Potions
 k - a potion of lignification {!q}
 m - a potion of brilliance {unknown}
 o - 2 potions of invisibility {unknown}
 q - 3 potions of degeneration {unknown}
 r - a potion of heal wounds {unknown}
 s - a potion of agility {unknown}
Books
 c - a book of Spatial Translocations

   Spells                             Type                      Level
   a - Blink                          Translocation                2
   b - Shroud of Golubria             Charms/Translocation         2
   c - Lesser Beckoning               Translocation                3
   d - Gell's Gravitas                Translocation                3
   e - Teleport Other                 Translocation                3
   f - Passage of Golubria            Translocation                4
Comestibles
 f - 3 rations


   Skills:
 - Level 2.1 Fighting
 + Level 5.2 Polearms
 - Level 1.0 Throwing
 - Level 0.6 Armour
 - Level 2.6 Dodging
 + Level 2.9 Spellcasting
 + Level 2.3 Charms
 + Level 3.1 Translocations


You had 2 spell levels left.
You knew the following spells:

 Your Spells              Type           Power        Failure   Level  Hunger
e - Blink                 Tloc           N/A          12%         2    ###....
f - Shroud of Golubria    Chrm/Tloc      #.........   14%         2    ###....
t - Teleport Other        Tloc           ##......     24%         3    ###....


Dungeon Overview and Level Annotations

Branches:
Dungeon (4/15)
 Temple: D:4-7

Altars:
Ashenzari
Gozag
Yredelemnul


Message History

You hit the centaur.
The centaur is lightly wounded.
The centaur hits you but does no damage.
You hit the centaur.
The centaur is moderately wounded.
You feel sick. The centaur completely misses you. The centaur misses you.
You hit the centaur but do no damage.
The centaur is moderately wounded.
The centaur barely misses you.
You hit the centaur but do no damage.
The centaur is moderately wounded.
The centaur hits you.
* * * LOW HITPOINT WARNING * * *
You closely miss the centaur.
The centaur is moderately wounded.
You feel sick. The centaur hits you.
* * * LOW HITPOINT WARNING * * *
The leopard gecko bites you but does no damage.
The centaur hits you!
You die...

.. #
...######
........#
.........
.....#.#
##+####
### #.#
#.....#
#.#
#.c...#
#.#
#@....#
#.#
#(l...#
#.#
#........
#.#
#........
#..
#........
#..
#####....
#.. #.##
+.. .#
.... .
#.#..#


You could see a centaur and a leopard gecko.

Vanquished Creatures
  Ijyb (D:3)
  Natasha (twice) (D:3)
  4 adders
  3 worms (D:2)
  A leopard gecko (D:1)
  3 orcs (D:3)
  A ball python (D:3)
  5 giant cockroaches
  5 goblins
  3 hobgoblins
  9 jackals
  4 kobolds
  2 bats
  4 frilled lizards
  7 rats
54 creatures vanquished.

Notes
Turn   | Place    | Note
-------+----------+-------------------------------------------
     0 | D:1      | mopl the Merfolk Warper began the quest for the Orb.
     0 | D:1      | Reached XP level 1. HP: 16/16 MP: 3/3
   231 | D:1      | Reached skill level 4 in Polearms
   231 | D:1      | Reached XP level 2. HP: 21/22 MP: 5/5
   235 | D:1      | Learned a level 2 spell: Blink
   238 | D:1      | Learned a level 2 spell: Shroud of Golubria
   644 | D:2      | Reached XP level 3. HP: 18/27 MP: 6/6
   893 | D:2      | Found a shattered altar of Ashenzari.
   993 | D:2      | Reached skill level 1 in Charms
  1663 | D:3      | Reached XP level 4. HP: 28/33 MP: 7/7
  1687 | D:3      | Found an opulent altar of Gozag.
  1798 | D:3      | Noticed Natasha
  1809 | D:3      | Killed Natasha
  1994 | D:3      | Reached skill level 3 in Translocations
  1999 | D:3      | Reached skill level 2 in Charms
  2000 | D:3      | Noticed Ijyb
  2022 | D:3      | Killed Ijyb
  2022 | D:3      | Reached skill level 5 in Polearms
  2022 | D:3      | Reached XP level 5. HP: 15/38 MP: 7/9
  2032 | D:3      | Learned a level 3 spell: Teleport Other
  2158 | D:3      | Noticed Natasha
  2183 | D:3      | HP: 1/38 [Natasha (2)]
  2186 | D:3      | Killed Natasha
  2818 | D:3      | Found a basalt altar of Yredelemnul.
  2997 | D:4      | Noticed a centaur
  3007 | D:4      | Slain by a centaur

Vault maps used:
D:1:      dpeg_arrival_tiny_e
D:2:      nicolae_ashenzari_panopticon
D:3:      old_standard_altar, nicolae_gozag_cash_rules_everything_around_me,
          uniq_ijyb, uniq_natasha
D:4:      grunt_decor_arrowhead, uniq_robin, uniq_eustachio

Skill      XL: |  1  2  3  4 |
---------------+-------------+-----
Polearms       | 4 5 |  5.2
Charms         | 1 2 |  2.3
Translocations | 3 |  3.1
Fighting       | |  2.1
Throwing       | |  1.0
Armour         | |  0.6
Dodging        | |  2.6
Spellcasting   | |  2.9

Action                   |  1- 3 |  4- 6 || total
-------------------------+-------+-------++-------
Melee: Spear             |   162 |   142 ||   304
 Cast: Shroud of Golubri |       |     7 ||     7
  Use: Scroll            |     1 |       ||     1
       Potion            |       |     1 ||     1
 Stab: Sleeping          |     2 |       ||     2
       Distracted        |       |     1 ||     1
  Eat: Chunk             |     2 |     5 ||     7
Armor: Leather armour    |    23 |    41 ||    64
       Skin              |       |     1 ||     1
Dodge: Dodged            |    70 |   104 ||   174

Table legend:
 A = Spawn XP
 B = Non-spawn XP
 C = Spawn XP percentage of total XP
 D = Spawn monster count
 E = Non-spawn monster count
 F = Spawn count percentage of total count
 G = Total turns spent on level
                    A         B        C        D         E        F      G
               +---------+---------+-------+---------+---------+-------+---------
         Total |       0 |     247 |   0.0 |       0 |      54 |   0.0 |  3007
               +---------+---------+-------+---------+---------+-------+---------
           D:1 |       0 |      25 |   0.0 |       0 |      15 |   0.0 |   784
           D:2 |       0 |      53 |   0.0 |       0 |      14 |   0.0 |   718
           D:3 |       0 |     169 |   0.0 |       0 |      25 |   0.0 |  1445
               +---------+---------+-------+---------+---------+-------+---------
